[Event "Team 45 45 League T57"]
[Site "Internet Chess Club"]
[Date "2013.06.19"]
[Round "4"]
[White "MeoPatacca"]
[Black "TerryMalloy"]
[Result "1/2-1/2"]
[WhiteElo "1808"]
[BlackElo "1946"]
[Opening "Queen's pawn, Mason variation, Steinitz counter-gambit"]
[ECO "D00"]
[Time "15:05:57"]
[TimeControl "2700+45"]

1. d4 d5 2. Bf4 c5 3. e3 Nf6 4. c3 Nc6 5. Nd2 e6 6. Bd3 Bd6 7. Bxd6 Qxd6 8. Ngf3
b6 9. O-O O-O 10. Re1 Bb7 11. dxc5 bxc5 12. e4 dxe4 13. Nxe4 Nxe4 14. Bxe4 Rad8
15. Qa4 h6 16. Rad1 Qc7 17. Rxd8 Rxd8 18. Rd1 Rb8 19. Qc2 Qb6 20. Rd7 Rd8 21.
Rxd8+ Nxd8 22. Bxb7 Nxb7 23. b3 Nd6 24. h3 Nf5 25. Qe4 Qd6 26. Qe2 {Game drawn
by mutual agreement} 1/2-1/2

[Event "Team 45 45 League T57"]
[Site "Internet Chess Club"]
[Date "2013.06.13"]
[Round "4"]
[White "Packerfan"]
[Black "CzwartyWymiar"]
[Result "0-1"]
[WhiteElo "1726"]
[BlackElo "1851"]
[Opening "KP: Nimzovich defense"]
[ECO "B00"]
[Time "10:05:12"]
[TimeControl "2700+45"]

1. e4 Nc6 2. d4 e5 3. d5 Nce7 4. Nf3 Ng6 5. Nc3 Nf6 6. Bd3 a6 7. Bg5 h6 8. Bd2
Bc5 9. O-O d6 10. Na4 Ba7 11. c4 Nf4 12. Bc2 Bg4 13. Re1 O-O 14. Be3 Bxe3 15.
Rxe3 Qd7 16. Rc1 Nh7 17. c5 Ng5 18. Qe1 Bxf3 19. gxf3 Qh3 20. Qf1 Nxf3+ 21. Rxf3
Qxf3 22. h4 Qg4+ 23. Kh1 Qxh4+ 24. Kg1 Qg4+ 25. Kh1 Qf3+ 26. Kh2 Qh5+ 27. Kg1
Ne2+ 28. Kg2 Qg4+ 29. Kh2 Nxc1 30. Qxc1 Qf4+ 31. Kg1 Qxc1+ {White resigns} 0-1

[Event "Team 45 45 League T57"]
[Site "Internet Chess Club"]
[Date "2013.06.17"]
[Round "4"]
[White "ILRE"]
[Black "Buford-Julep"]
[Result "1/2-1/2"]
[WhiteElo "1538"]
[BlackElo "1728"]
[Opening "English opening"]
[ECO "A13"]
[Time "16:03:15"]
[TimeControl "2700+45"]

1. c4 e6 2. Nc3 d5 3. cxd5 exd5 4. d4 c6 5. Nf3 Bf5 6. Bf4 Nf6 7. h3 Qb6 8. Qc1
Be7 9. e3 h6 10. Be2 O-O 11. O-O Nbd7 12. a3 Ne4 13. Nxe4 Bxe4 14. Nd2 Bg6 15.
Qc3 Nf6 16. Qb3 Ne4 17. Qxb6 axb6 18. Nxe4 Bxe4 19. Bc7 Bd8 20. Be5 Re8 21. Bg3
Bg5 22. Bc7 Bd8 23. Bg3 Bg5 24. Bc7 Bd8 {Game drawn by mutual agreement} 1/2-1/2

[Event "Team 45 45 League T57"]
[Site "Internet Chess Club"]
[Date "2013.06.16"]
[Round "4"]
[White "bondguy01"]
[Black "SirIvanhoe"]
[Result "1-0"]
[WhiteElo "1682"]
[BlackElo "1537"]
[Opening "QGD Slav: Steiner variation"]
[ECO "D16"]
[Time "11:01:20"]
[TimeControl "2700+45"]

1. d4 d5 2. c4 c6 3. Nf3 Nf6 4. Nc3 dxc4 5. a4 Bg4 6. Ne5 Bf5 7. e3 Nbd7 8. Nxd7
Qxd7 9. Bxc4 e6 10. O-O Be7 11. Qe2 O-O 12. Rd1 Bg6 13. e4 Bb4 14. f3 Rfe8 15.
e5 Nd5 16. Ne4 Bxe4 17. fxe4 Ne7 18. Bg5 Qc7 19. Rd3 Ng6 20. h4 c5 21. h5 cxd4
22. hxg6 hxg6 23. b3 Qxe5 24. Bd2 Bxd2 25. Qxd2 Red8 26. Rd1 Qxe4 27. Rxd4 Rxd4
28. Qxd4 Qc6 29. Qd7 Qb6+ 30. Kh1 Rb8 31. Qe7 Qa5 32. Rf1 Rf8 33. Bxe6 Qh5+ 34.
Kg1 g5 35. Bxf7+ Rxf7 36. Qe8+ Kh7 37. Qxf7 Qg4 38. Qf5+ {Black resigns} 1-0